 Dungeon Crawl Stone Soup version 0.29.1-15-g9cfb28693d (webtiles) character file.

Game seed: 7626527189376002985

681 DocClef the Shield-Bearer (level 7, -2/60 HPs)
             Began as a Gnoll Fighter on Feb 21, 2023.
             Was an Initiate of Hepliaklqana.
             Killed from afar by a white imp (8 damage)
             ... with a puff of frost
             ... on level 4 of the Dungeon.
             The game lasted 00:04:28 (3831 turns).

DocClef the Shield-Bearer (Gnoll Fighter)           Turns: 3831, Time: 00:04:29

Health: -2/60      AC: 11    Str: 18    XL:     7   Next: 61%
Magic:  11/11      EV: 10    Int:  7    God:    Hepliaklqana [......]
Gold:   381        SH:  0    Dex: 11    Spells: 11/11 levels left

rFire   . . .      SeeInvis .   x - +0 triple sword
rCold   . . .      Faith    .   (shield currently unavailable)
rNeg    . . .      Spirit   .   b - +0 scale mail
rPois   .          Reflect  .   e - +0 helmet
rElec   .          Harm     .   t - +0 cloak
rCorr   .          Rampage  .   j - +0 pair of gloves
Will    .....                   (no boots)
Stlth   +.........              (no amulet)
HPRegen 0.20/turn               (no ring)
MPRegen 0.12/turn               (no ring)

@: no status effects
A: fangs 1, strong nose, distributed training
a: Renounce Religion


You were on level 4 of the Dungeon.
You worshipped Hepliaklqana.
Hepliaklqana was noncommittal.
You visited 1 branch of the dungeon, and saw 6 of its levels.

You collected 381 gold pieces.

Inventory:

Hand Weapons
 a - a +0 war axe
 x - a +0 triple sword (weapon)
Armour
 b - a +0 scale mail (worn)
 c - a +0 buckler
 e - a +0 helmet (worn)
 j - a +0 pair of gloves (worn)
 t - a +0 cloak (worn)
Wands
 w - a wand of roots (4)
Scrolls
 g - 2 scrolls of magic mapping {unknown}
 h - 3 scrolls of identify {unknown}
 i - 3 scrolls of blinking {unknown}
 l - 3 scrolls of enchant armour {unknown}
 n - 2 scrolls of enchant weapon {unknown}
 o - 2 scrolls of poison {unknown}
 p - a scroll of vulnerability {unknown}
 v - a scroll of teleportation {unknown}
Potions
 d - a potion of might
 f - 2 potions of mutation {unknown}
 k - 2 potions of brilliance {unknown}
 m - 2 potions of haste {unknown}
 q - a potion of flight {unknown}
 r - a potion of ambrosia {unknown}
 s - a potion of degeneration {unknown}
 u - a potion of curing {unknown}


   Skills:
 + Level 7.1 Fighting
 + Level 2.7 Short Blades
 + Level 2.7 Long Blades
 + Level 5.3 Axes
 + Level 2.7 Maces & Flails
 + Level 2.7 Polearms
 + Level 2.7 Staves
 + Level 2.7 Ranged Weapons
 + Level 2.7 Throwing
 + Level 7.1 Armour
 + Level 2.7 Dodging
 + Level 2.7 Stealth
 + Level 7.1 Shields
 + Level 2.7 Unarmed Combat
 + Level 2.7 Spellcasting
 + Level 2.2 Conjurations
 + Level 2.2 Hexes
 + Level 2.2 Summonings
 + Level 2.2 Necromancy
 + Level 2.2 Translocations
 + Level 2.2 Transmutations
 + Level 2.2 Fire Magic
 + Level 2.2 Ice Magic
 + Level 2.2 Air Magic
 + Level 2.2 Earth Magic
 + Level 2.2 Poison Magic
 + Level 3.0 Invocations
 + Level 2.7 Evocations


You had 11 spell levels left.
You didn't know any spells.
Your spell library contained the following spells:

 Spells                   Type           Power      Damage    Failure   Level
 Call Canine Familiar     Summ           4%         N/A       77%         3
 Portal Projectile        Hex/Tloc       8%         N/A       77%         3
 Leda's Liquefaction      Hex/Erth       2%         N/A       99%         4
 Blade Hands              Tmut           2%         N/A       100%        5
 Irradiate                Conj/Tmut      2%         3d12      100%        5
 Dragon Form              Tmut           2%         N/A       100%        7


Dungeon Overview and Level Annotations

Branches:
Dungeon (6/15)
 Temple: D:4-7

Altars:
Hepliaklqana
Ru
Uskayaw
The Shining One


Innate Abilities, Weirdness & Mutations

You have very sharp teeth.
Your uncanny sense of smell can sniff out nearby items.
Your experience applies equally to all skills.


Message History

The orc barely misses you. The white imp gestures at you.
The puff of frost misses you.
The puff of frost hits the orc!
The orc dies!
The orc barely misses you.
You barely miss the white imp.
The white imp is almost dead.
The white imp gestures at you.
The puff of frost hits you but does no damage.
The orc hits you but does no damage.
Unknown command.
You closely miss the orc.
The white imp grinds its teeth.
The white imp hits you. The white imp freezes you. The orc barely misses you.
The white imp gestures at you. The puff of frost hits you!
The orc hits you but does no damage.
Unknown command.
You hit the orc but do no damage.
The white imp hits you but does no damage.
The orc hits you but does no damage. The white imp gestures at you.
The puff of frost hits you.
* * * LOW HITPOINT WARNING * * *
The orc closely misses you.
You barely miss the white imp.
The white imp is almost dead.
The white imp hits you but does no damage.
The orc misses you.
Unknown command.
You barely miss the white imp.
The white imp is almost dead.
The white imp hits you.
* * * LOW HITPOINT WARNING * * *
The white imp freezes you.
* * * LOW HITPOINT WARNING * * *
The orc hits you with a +0 hand axe.
* * * LOW HITPOINT WARNING * * *
The white imp gestures at you. The puff of frost hits you!
You die...

########......###...####.###.....
.......#......'............'.....
.......#......#............#.....
.......#......#............#.....
###....#......#'##...#######.....
#########.[....##'##......#+###
#......#...#......#....
#.....5#...#......#....
#....o@#...#........[..
####.....)#####........#..
#.......[......###########
#..............# #..............#
#..............# #..............#
#..............# ################


You could see a white imp and an orc.

Vanquished Creatures
  Grinder (D:4)
  An ogre (D:4)
  A phantom (D:5)
  A bullfrog (D:6)
  A scorpion (D:5)
  A hound (D:5)
  An orc wizard (D:3)
  7 adders
  6 dart slugs
  9 orcs
  9 endoplasms
  4 giant cockroaches
  4 hobgoblins
  A jackal (D:1)
  A quokka (D:4)
  8 ball pythons
  11 bats
  5 frilled lizards
  11 goblins
  6 kobolds
  7 rats
96 creatures vanquished.

Vanquished Creatures (others)
  An orc (D:4)
1 creature vanquished.

Grand Total: 97 creatures vanquished

Notes
Turn   | Place    | Note
-------+----------+-------------------------------------------
     0 | D:1      | DocClef the Gnoll Fighter began the quest for the Orb.
     0 | D:1      | Reached XP level 1. HP: 23/23 MP: 1/1
   184 | D:1      | Reached XP level 2. HP: 29/29 MP: 2/2
   390 | D:1      | Reached XP level 3. HP: 35/35 MP: 3/3
   794 | D:1      | Reached skill level 1 in Invocations
   995 | D:2      | Reached skill level 1 in Short Blades
   995 | D:2      | Reached skill level 1 in Long Blades
   995 | D:2      | Reached skill level 1 in Maces & Flails
   995 | D:2      | Reached skill level 1 in Polearms
   995 | D:2      | Reached skill level 1 in Staves
   995 | D:2      | Reached skill level 1 in Ranged Weapons
   995 | D:2      | Reached skill level 1 in Throwing
   995 | D:2      | Reached skill level 1 in Dodging
   995 | D:2      | Reached skill level 1 in Stealth
   995 | D:2      | Reached skill level 1 in Unarmed Combat
   995 | D:2      | Reached skill level 1 in Spellcasting
   995 | D:2      | Reached skill level 1 in Evocations
  1271 | D:2      | Reached XP level 4. HP: 41/41 MP: 5/5
  1359 | D:2      | Reached skill level 1 in Conjurations
  1359 | D:2      | Reached skill level 1 in Hexes
  1359 | D:2      | Reached skill level 1 in Summonings
  1359 | D:2      | Reached skill level 1 in Necromancy
  1359 | D:2      | Reached skill level 1 in Translocations
  1359 | D:2      | Reached skill level 1 in Transmutations
  1359 | D:2      | Reached skill level 1 in Fire Magic
  1359 | D:2      | Reached skill level 1 in Ice Magic
  1359 | D:2      | Reached skill level 1 in Air Magic
  1359 | D:2      | Reached skill level 1 in Earth Magic
  1359 | D:2      | Reached skill level 1 in Poison Magic
  1535 | D:2      | Found a faded altar of an unknown god.
  1793 | D:3      | Found a hide-covered altar of Uskayaw.
  1793 | D:3      | Noticed a +0 hand axe
  1793 | D:3      | Noticed a +0 hand axe
  1826 | D:3      | Found a glowing golden altar of the Shining One.
  2081 | D:3      | Reached XP level 5. HP: 44/47 MP: 7/7
  2257 | D:3      | Found a sacrificial altar of Ru.
  2960 | D:4      | Found a hazy altar of Hepliaklqana.
  2992 | D:4      | Noticed Grinder
  3004 | D:4      | Killed Grinder
  3005 | D:4      | Reached skill level 5 in Axes
  3005 | D:4      | Reached XP level 6. HP: 33/53 MP: 7/9
  3022 | D:4      | Became a worshipper of Hepliaklqana the Forgotten
  3374 | D:4      | Reached XP level 7. HP: 60/60 MP: 10/10
  3411 | D:4      | You fall into a shaft and drop 2 floors!
  3441 | D:5      | Entered Level 5 of the Dungeon
  3831 | D:4      | Killed from afar by a white imp

Illustrated notes

Levels and vault maps discovered:
D:1:      dpeg_arrival_oval, layout_basic, serial_glass, glass_columns_c,
          glass_columns_a, minmay_strange_pillars, feat_on_display,
          item_on_display_a, feat_on_display, minmay_vboxes
D:2:      minmay_evil_eye, layout_basic,
          dreamdust_ecumenical_altar_hidden_monk_grotto, minmay_misc_feat_tiny,
          minivault_25
D:3:      layout_loops_corners, amcnicky_altar_gilded,
          nicolae_ru_sacrificial_ziggurat, dancing_weapons_uskayaw
D:4:      layout_gridville, mainiacjoe_overflow_concentric_impassable,
          nrook_mini_backslash, uniq_grinder
D:5:      layout_rooms, trog_hazing_becter, ebering_ghost_gozag, uniq_edmund
D:6:      layout_cave_pools, minmay_temple_entry_mini_moons,
          minmay_misc_feat_enclosed, uniq_crazy_yiuf_cottage

Skill      XL: |  1  2  3  4  5  6  7 |
---------------+----------------------+-----
Invocations    | 1 2 3 |  3.0
Short Blades   | 1 2 |  2.7
Long Blades    | 1 2 |  2.7
Maces & Flails | 1 2 |  2.7
Polearms       | 1 2 |  2.7
Staves         | 1 2 |  2.7
Ranged Weapons | 1 2 |  2.7
Throwing       | 1 2 |  2.7
Dodging        | 1 2 |  2.7
Stealth        | 1 2 |  2.7
Unarmed Combat | 1 2 |  2.7
Spellcasting   | 1 2 |  2.7
Evocations     | 1 2 |  2.7
Conjurations   | 1 2 |  2.2
Hexes          | 1 2 |  2.2
Summonings     | 1 2 |  2.2
Necromancy     | 1 2 |  2.2
Translocations | 1 2 |  2.2
Transmutations | 1 2 |  2.2
Fire Magic     | 1 2 |  2.2
Ice Magic      | 1 2 |  2.2
Air Magic      | 1 2 |  2.2
Earth Magic    | 1 2 |  2.2
Poison Magic   | 1 2 |  2.2
Axes           | 5 |  5.3
Fighting       | 7 |  7.1
Armour         | 7 |  7.1
Shields        | 7 |  7.1

Action                   |  1- 3 |  4- 6 |  7- 9 || total
-------------------------+-------+-------+-------++-------
Melee: War axe           |    95 |   146 |    32 ||   273
       Bite              |     8 |     7 |     1 ||    16
       Triple sword      |       |       |    11 ||    11
Armor: Scale mail        |    62 |    79 |    27 ||   168
Dodge: Dodged            |    47 |    56 |    34 ||   137
Block: Buckler           |    28 |    40 |    11 ||    79
